 Dungeon Crawl Stone Soup version 0.18-a0-1243-g9e52518 (webtiles) character file.

219 ololoev the Magician (level 5, -6/28 HPs)
             Began as a Deep Elf Fire Elementalist on Feb 5, 2016.
             Killed from afar by an orc wizard (11 damage)
             ... with a puff of flame
             ... on level 4 of the Dungeon.
             The game lasted 00:07:33 (820 turns).

ololoev the Magician (Deep Elf Fire Elementalist)    Turns: 820, Time: 00:07:33

Health: -6/28      AC:  3    Str:  5    XL:     5   Next: 63%
Magic:  9/14       EV: 13    Int: 21    God:
Gold:   32         SH:  0    Dex: 15    Spells: 4 memorised, 2 levels left

rFire  . . .     SeeInvis .     i - +0 spear
rCold  . . .     Gourm    .     a - +0 robe
rNeg   . . .     Faith    .     (no shield)
rPois  .         Spirit   .     (no helmet)
rElec  .         Dismiss  .     h - +0 cloak (curse)
rCorr  +         Reflect  .     (no gloves)
SustAt +         Harm     .     (no boots)
MR     .....                    (no amulet)
Stlth  ++........               j - ring of sustain attributes
                                e - ring of resist corrosion

@: very slightly contaminated, not resistant to hostile enchantments, unstealthy
A: no striking features
a: no special abilities

Inventory:

Hand Weapons
 i - a +0 spear (weapon)
Armour
 a - a +0 robe (worn)
 h - a cursed +0 cloak (worn)
 s - a cursed +0 pair of gloves
Jewellery
 e - a ring of resist corrosion (left hand)
 j - a ring of sustain attributes (right hand)
Wands
 k - a wand of acid (0/15)
 l - a wand of random effects (4/48)
Scrolls
 g - 2 scrolls of remove curse {unknown}
 o - a scroll of enchant armour {unknown}
 p - a scroll of magic mapping {unknown}
Potions
 d - 2 potions of mutation {unknown}
 f - a potion of cancellation {unknown}
 m - a potion of heal wounds {unknown}
 r - 2 potions of magic {unknown}
Books
 b - a book of Flames

   Spells                             Type                      Level
   a - Flame Tongue                   Conjuration/Fire             1
   b - Throw Flame                    Conjuration/Fire             2
   c - Conjure Flame                  Conjuration/Fire             3
   d - Inner Flame                    Hexes/Fire                   3
   e - Sticky Flame                   Conjuration/Fire             4
   f - Fireball                       Conjuration/Fire             5
Comestibles
 c - a bread ration
 n - a meat ration


   Skills:
 - Level 2.4 Dodging
 - Level 2.4 Stealth
 + Level 4.8 Spellcasting
 * Level 4.4 Conjurations
 + Level 4.3 Fire Magic


You had 2 spell levels left.
You knew the following spells:

 Your Spells              Type           Power        Failure   Level  Hunger
a - Flame Tongue          Conj/Fire      ###..        1%          1    None
b - Conjure Flame         Conj/Fire      ###.....     6%          3    ##.....
c - Sticky Flame          Conj/Fire      ###.....     21%         4    ####...
e - Inner Flame           Hex/Fire       ##......     17%         3    ##.....


You were on level 4 of the Dungeon.
You were not hungry.

You visited 1 branch of the dungeon, and saw 4 of its levels.

You collected 32 gold pieces.

#.# ... #... #
#...########.#
.?...[......#
#...<....#.
#...#..........#
#...#.@.#.#....$
#....oo)#.# ###.
##.......#.# #
...........#.#
#####....#.#.#.#
...............#
.......<.......
.###S...#..###.##
#.>.).(.......

Notes
Turn   | Place    | Note
--------------------------------------------------------------
     0 | D:1      | ololoev the Deep Elf Fire Elementalist began the quest for the Orb.
     0 | D:1      | Reached XP level 1. HP: 10/10 MP: 6/6
    90 | D:1      | Reached XP level 2. HP: 15/15 MP: 2/8
   190 | D:2      | Noticed Ijyb
   230 | D:2      | Found an oddly glowing altar of Pakellas.
   251 | D:2      | Killed Ijyb
   251 | D:2      | Reached XP level 3. HP: 15/19 MP: 1/10
   268 | D:2      | Learned a level 3 spell: Conjure Flame
   272 | D:2      | Learned a level 3 spell: Inner Flame
   405 | D:2      | Reached skill level 4 in Spellcasting
   493 | D:3      | Reached XP level 4. HP: 20/24 MP: 7/12
   641 | D:3      | Noticed Jessica
   648 | D:3      | Killed Jessica
   718 | D:3      | Reached XP level 5. HP: 15/28 MP: 6/13
   724 | D:3      | Learned a level 4 spell: Sticky Flame
   820 | D:4      | Killed from afar by an orc wizard

Dungeon Overview and Level Annotations

Branches:
Dungeon (4/15)
 Temple: D:4-7

Altars:
Pakellas


Message History

Zapping:
l - a wand of random effects {zapped: 18} (will waste charges)
Press: ? - help, Shift-Dir - straight line, f/p - orc wizard
Aim: an orc wizard, wielding a dagger and wearing a robe The orc wizard resists with significant effort.
Evoking this partially-identified wand wasted a few charges.
Evoke which item? (* to show all) (? for menu, Esc to quit)
Zapping:
l - a wand of random effects {zapped: 21} (will waste charges)
Press: ? - help, Shift-Dir - straight line, f/p - orc wizard
Aim: an orc wizard, wielding a dagger and wearing a robe The puff of frost hits the orc wizard.
The orc wizard is lightly wounded.
Evoking this partially-identified wand wasted a few charges.
Evoke which item? (* to show all) (? for menu, Esc to quit)
Zapping:
l - a wand of random effects {zapped: 23} (will waste charges)
Press: ? - help, Shift-Dir - straight line, f/p - orc wizard
Aim: an orc wizard, wielding a dagger and wearing a robe (lightly wounded)
The orc wizard resists with significant effort.
Evoking this partially-identified wand wasted a few charges.
The orc wizard gestures at you while chanting.
The puff of flame hits you! The orc misses you.
Casting: Flame Tongue
Confirm with . or Enter, or press ? or * to list all spells.
Aiming: Flame Tongue
Press: ? - help, Shift-Dir - straight line, f/p - orc wizard
Aim: an orc wizard, wielding a dagger and wearing a robe (lightly wounded)
The flame tongue hits the orc.
The orc is severely wounded.
The orc barely misses you.
Casting: Flame Tongue
Confirm with . or Enter, or press ? or * to list all spells.
Aiming: Sticky Flame
Press: ? - help, Shift-Dir - straight line, f/p - orc wizard
Aim: an orc wizard, wielding a dagger and wearing a robe (lightly wounded)
You miscast Sticky Flame.
You are very lightly contaminated with residual magic.
Flames sear your flesh. The orc hits you but does no damage.
The orc wizard points at you and mumbles some strange words.
The puff of flame hits you!
You die...

You could see an orc wizard, an adder (wandering) and an orc.

Vanquished Creatures
  A crimson imp (D:4)
  A hound (D:3)
  Jessica (D:3)
  Ijyb (D:2)
  An orc wizard (D:4)
  2 adders (D:3)
  2 oozes
  6 worms
  A giant gecko (D:3)
  3 orcs
  4 goblins
  6 hobgoblins
  A ball python (D:2)
  A bat (D:2)
  3 giant newts
  6 kobolds
  3 rats
43 creatures vanquished.

Action                   |  1- 3 |  4- 6 || total
-------------------------+-------+-------++-------
Melee: Unarmed           |     9 |       ||     9
       Whip              |     3 |       ||     3
       Spear             |       |    13 ||    13
Throw: Stone             |     3 |       ||     3
       Throwing net      |       |     1 ||     1
 Cast: Flame Tongue      |    35 |    26 ||    61
       Inner Flame       |       |     2 ||     2
       Conjure Flame     |       |     1 ||     1
Evoke: Wand              |     1 |    13 ||    14
 Stab: Sleeping          |     2 |       ||     2

Vault maps used:
D:1:      dpeg_arrival_rooms_a, item_on_display_a
D:2:      grunt_pakellas_basics, uniq_iyjb, uniq_crazy_yiuf_cottage
D:3:      kennysheep_generic_room_16, uniq_jessica
D:4:      uniq_robin
